 Dungeon Crawl Stone Soup version 0.25-a0-294-gea9b1ad378 (webtiles) character file.

Game seed: 13456207815618298812, levelgen mode: classic

40 Borgoz the Skirmisher (level 3, -2/24 HPs)
             Began as a Gargoyle Berserker on Dec 19, 2019.
             Was a Follower of Trog.
             Slain by a hobgoblin (3 damage)
             ... on level 2 of the Dungeon.
             The game lasted 00:01:22 (1951 turns).

Borgoz the Skirmisher (Gargoyle Berserker)          Turns: 1951, Time: 00:01:23

Health: -2/24      AC:  5    Str: 20    XL:     3   Next: 50%
Magic:  3/3        EV: 12    Int:  7    God:    Trog [*.....]
Gold:   25         SH:  0    Dex: 10    Spells: 2/2 levels left

rFire    . . .     SeeInvis .   a - +0 mace
rCold    . . .     Gourm    .   (no shield)
rNeg     + . .     Faith    .   b - +0 animal skin
rPois    ∞         Spirit   .   (no helmet)
rElec    +         Reflect  .   (no cloak)
rCorr    .         Harm     .   (no gloves)
MR       .....                  (no boots)
Stlth    +.........             (no amulet)
HPRegen  0.08/turn              (no ring)
MPRegen  0.08/turn              (no ring)

@: no status effects
A: negative energy resistance 1, electricity resistance, unbreathing,
petrification resistance, rot immunity, AC +3
a: Berserk, Renounce Religion


You were on level 2 of the Dungeon.
You worshipped Trog.
Trog was aware of your devotion.
You were very hungry.

You visited 1 branch of the dungeon, and saw 2 of its levels.

You collected 25 gold pieces.

Inventory:

Hand Weapons
 a - a +0 mace (weapon)
Armour
 b - a +0 animal skin (worn)
Scrolls
 e - a scroll of enchant armour {unknown}
 f - a scroll of teleportation {unknown}
 h - a scroll of identify {unknown}
Potions
 d - a potion of curing {unknown}
 g - a potion of lignification {unknown}
 i - a potion of heal wounds {unknown}
 j - a potion of haste {unknown}
Comestibles
 c - 3 rations


   Skills:
 + Level 3.7 Fighting
 * Level 3.6 Maces & Flails
 + Level 2.7 Armour
 + Level 1.9 Dodging


You had 2 spell levels left.
You didn't know any spells.
Your spell library was empty.

Dungeon Overview and Level Annotations

Branches:
Dungeon (2/15)

Altars:
Vehumet


Innate Abilities, Weirdness & Mutations

You are resistant to torment.
Your stone body is resilient. (AC +3)
You are immune to poison.
You resist negative energy. (rN+)
You are resistant to electric shocks. (rElec)
You can survive without breathing.
You are immune to petrification.
You are immune to rotting.


Message History

You see here 2 stones.
The kobold throws a stone.
The stone closely misses you.
The kobold throws a stone.
The stone closely misses you.
The kobold throws a stone.
The stone barely misses you.
You see here a stone.
A hobgoblin comes into view.
The hobgoblin shouts!
The kobold throws a stone.
The stone closely misses you.
Found a stone.
The kobold throws a stone.
The stone hits you but does no damage.
You see here a stone.
The kobold throws a stone.
The stone hits you.
* * * LOW HITPOINT WARNING * * *
You see here 2 stones.
The hobgoblin barely misses you.
You barely miss the hobgoblin. The hobgoblin misses you.
You hit the hobgoblin but do no damage. The hobgoblin hits you.
* * * LOW HITPOINT WARNING * * *
You completely miss the hobgoblin. The hobgoblin hits you.
You die...

#.# #.# ##### #(# ....#
#.# ....# #.# ....#
##### #.# ##....###
....# #.# #.....'..
....# #.# #g....# ....#
#)# #@# ..8.# #(#
#(####.# ..8.#
#(#####(.....# ..≈...
#..(.(..≈≈≈≈.#
..≈≈≈≈....#....≈≈≈≈≈≈.#
..≈≈≈≈≈≈≈...≈≈≈≈≈≈≈≈≈.#
..≈≈≈≈≈≈≈≈≈≈≈≈≈≈≈≈≈≈≈...
..≈≈≈≈≈≈≈≈≈≈≈≈≈≈K≈≈...##
≈≈≈≈≈≈≈≈≈K≈≈≈.......


You could see a hobgoblin and a kobold.

Vanquished Creatures
  An adder (D:2)
  An ooze (D:2)
  A bat (D:1)
  A giant cockroach (D:2)
  7 goblins
  4 hobgoblins
  7 kobolds
  2 rats (D:1)
24 creatures vanquished.

Notes
Turn   | Place    | Note
-------+----------+-------------------------------------------
     0 | D:1      | Borgoz the Gargoyle Berserker began the quest for the Orb.
     0 | D:1      | Reached XP level 1. HP: 14/14 MP: 1/1
   344 | D:1      | Reached XP level 2. HP: 17/19 MP: 2/2
   958 | D:2      | Reached XP level 3. HP: 5/23 MP: 3/3
  1346 | D:2      | Found a radiant altar of Vehumet.
  1950 | D:2      | HP: 1/24 [hobgoblin (3)]
  1951 | D:2      | Slain by a hobgoblin

Levels and vault maps discovered:
D:1:      minmay_arrival_plants_in_alcoves, layout_basic
D:2:      wander_river, layout_basic, lemuel_round_altar, first_ration,
          minmay_ruptured

Action                   || total
-------------------------++-------
Melee: Mace              ||    91
  Eat: Chunk             ||     2
Armor: Animal skin       ||    23
Dodge: Dodged            ||    76

Table legend:
 A = Non-vault XP
 B = Vault XP
 C = Vault XP percentage of total XP
 D = Non-vault monster count
 E = Vault monster count
 F = Vault count percentage of total count
                 A         B        C        D         E       F
            +---------+---------+-------+---------+---------+-------
      Total |      38 |      20 |  34.5 |      22 |       2 |   8.3
            +---------+---------+-------+---------+---------+-------
        D:1 |      24 |       0 |   0.0 |      13 |       0 |   0.0
        D:2 |      14 |      20 |  58.8 |       9 |       2 |  18.2
            +---------+---------+-------+---------+---------+-------
